 Dungeon Crawl Stone Soup version 0.31-a0-836-g3ceb0a68c4 (webtiles) character file.

Game seed: 16770461780089424428

1732 Supertriki the Grappler (level 8, -3/75 HPs)
             Began as a Troll Gladiator on Sept 26, 2023.
             Slain by a gnoll
             ... wielding a +0 hand axe
              (5 damage)
             ... on level 5 of the Dungeon on Sept 27, 2023.
             The game lasted 00:20:14 (3894 turns).

Supertriki the Grappler (Troll Gladiator)           Turns: 3894, Time: 00:20:15

Health: -3/75      AC:  4    Str: 25    XL:     8   Next: 76%
Magic:  7/7        EV: 11    Int:  4    God:
Gold:   183        SH:  0    Dex: 11    Spells: 7/7 levels left

rFire   . .          .
                       - Unarmed
rCold   . . .        (no shield)
rNeg    . . .        a - +0 robe
rPois   .            b - +0 hat
rElec   .            (no cloak)
rCorr   .            (gloves unavailable)
SInv    .            (boots unavailable)
Will    .....        (no amulet)
Stlth   ++           (no ring)
HPRegen 1.12/turn    (no ring)
MPRegen 0.10/turn

%: no passive effects
@: no status effects
A: large, unfitting armour, claws 3, regeneration 1, shaggy fur 1, tough skin 1
a: no special abilities


You were on level 5 of the Dungeon.
You visited 1 branch of the dungeon, and saw 5 of its levels.
You also visited: Ossuary.

You collected 183 gold pieces.

Inventory:

Hand Weapons
 d - a +0 club
 e - a +2 spear of freezing
Missiles
 c - 4 throwing nets
 g - 12 stones (quivered)
Armour
 a - a +0 robe (worn)
 b - a +0 hat (worn)
 o - a +0 leather armour
 B - a +0 leather armour of poison resistance
Jewellery
 x - a ring of fire
 y - a ring of ice
Wands
 C - a wand of iceblast (12)
Scrolls
 h - 5 scrolls of teleportation {unknown}
 i - 2 scrolls of vulnerability {unknown}
 j - 3 scrolls of fog {unknown}
 l - 2 scrolls of summoning {unknown}
 m - a scroll of poison {unknown}
 r - 3 scrolls of identify {unknown}
 s - a scroll of immolation {unknown}
 v - a scroll of enchant armour {unknown}
Potions
 f - 4 potions of heal wounds
 k - 2 potions of curing {unknown}
 n - 4 potions of mutation {unknown}
 p - 2 potions of enlightenment {unknown}
 q - a potion of haste {unknown}
 t - 3 potions of brilliance {unknown}
 u - a potion of magic {unknown}
 w - 3 potions of lignification {unknown}
 z - 2 potions of degeneration {unknown}
 A - 2 potions of resistance {unknown}


   Skills:
 + Level 3.3 Fighting
 + Level 3.4 Throwing
 + Level 5.3 Dodging
 + Level 1.2 Stealth
 + Level 8.5 Unarmed Combat


You had 7 spell levels left.
You didn't know any spells.
Your spell library contained the following spells:

 Spells                   Type           Power      Damage    Failure   Level
 Blink                    Tloc           0%         N/A       65%         2
 Lesser Beckoning         Tloc           0%         N/A       65%         2
 Momentum Strike          Conj/Tloc      0%         3d8       65%         2
 Inner Flame              Hex/Fire       0%         N/A       86%         3
 Yara's Violent Unravell  Hex/Tmut       0%         3d3       100%        5
 Enfeeble                 Hex            0%         N/A       100%        7


Dungeon Overview and Level Annotations

Branches:
Dungeon (5/15)            Ossuary (visited)
 Temple: D:4-7

Altars:
Fedhas
Ru
Sif Muna
Vehumet
Zin

Shops:
D:3 ?


Innate Abilities, Weirdness & Mutations

You are too large for most types of armour.
You have claws for hands.
Your natural rate of healing is unusually fast.
You are covered in fur. (AC +1)
You have tough skin. (AC +1)


Message History

Press: ? - help, Q - select action, (/) - cycle Shift-Dir - straight line, f - ogre
Aim: an ogre, wielding a +0 giant club (wandering, hasn't noticed you, 71% to hit)
You throw a stone. The ogre shouts!
The stone hits the ogre.
The ogre is lightly wounded.
The gnoll hits you but does no damage. The gnoll completely misses you.
A gnoll comes into view. It is wielding a +0 hand axe.
The ogre hits you with a +0 giant club!!
The gnoll hits you with a +0 spear.
You scratch the gnoll.
The gnoll is heavily wounded.
The ogre hits you with a +0 giant club!!
* * * LOW HITPOINT WARNING * * *
The gnoll hits you with a +0 spear.
* * * LOW HITPOINT WARNING * * *
You mangle the gnoll!!
You kill the gnoll!
You claw the gnoll!
You kill the gnoll!
The ogre closely misses you. The gnoll hits you with a +3 flail.
* * * LOW HITPOINT WARNING * * *
Items here: $ ( )) [ †.
You mangle the ogre!!
You kill the ogre!
The gnoll closely misses you. The gnoll hits you with a +3 flail!
* * * LOW HITPOINT WARNING * * *
You see here a +0 giant club.
You claw the gnoll!
The gnoll is severely wounded.
The gnoll hits you with a +0 hand axe.
* * * LOW HITPOINT WARNING * * *
The gnoll barely misses you.
You scratch the gnoll.
You kill the gnoll!
The gnoll hits you with a +0 hand axe.
You die...

....... .#.... .$[.. ..#
.###.. .. .... ....
..####... ######....
..#.#.... .........
..#...##..... .......<.
#....# #...# #........
....#####..#####.g.....§
##.............#@).....§
#..##..♣..♣.....)#..♣§§♣
♣..##♣♣...♣...##.# ♣♣
...P♣).♣♣♣..♣♣..♣♣.♣~
..♣..).♣..)....P....♣
..♣.♣)†......#...#.....
.♣♣♣..♣..P............♣
♣.♣....♣...#..._...#...
.♣..♣.................


You could see a gnoll.

Vanquished Creatures
  Pikel (D:5)
  A water moccasin (D:5)
  An ice beast (D:3)
  2 ogres
  Blork the orc (D:5)
  A scorpion (D:4)
  3 centaur zombies (Ossuary)
  2 hounds (D:5)
  A human zombie (Ossuary)
  An orc priest (D:4)
  2 sleepcaps (D:5)
  4 iguanas
  Ijyb (D:5)
  Terence (D:2)
  2 orc wizards (D:5)
  2 mummies (Ossuary)
  6 adders
  13 gnolls
  4 river rats (D:5)
  A dart slug (D:4)
  8 orcs
  9 ball pythons
  5 bats
  4 endoplasms
  4 giant cockroaches
  4 goblins
  5 hobgoblins
  2 jackals (D:3)
  4 frilled lizards
  2 goblin zombies (Ossuary)
  10 hobgoblin zombies (Ossuary)
  2 jackal zombies (Ossuary)
  6 kobolds
  9 kobold zombies (Ossuary)
  7 orc zombies (Ossuary)
  3 rats
  3 rat zombies (Ossuary)
137 creatures vanquished.

Notes
Turn   | Place    | Note
-------+----------+-------------------------------------------
     0 | D:1      | Supertriki the Troll Gladiator began the quest for the Orb.
     0 | D:1      | Reached XP level 1. HP: 19/19 MP: 0/0
     3 | D:1      | Noticed an electric eel
     4 | D:1      | Noticed an electric eel
   257 | D:1      | Reached XP level 2. HP: 27/27 MP: 1/1
   305 | D:1      | Found a faded altar of an unknown god.
  1124 | D:2      | Reached XP level 3. HP: 35/35 MP: 2/2
  1130 | D:2      | Noticed Terence
  1141 | D:2      | Killed Terence
  1490 | D:3      | Found Jeshet's Magic Scroll Shoppe.
  1501 | D:3      | Reached XP level 4. HP: 41/42 MP: 3/3
  1617 | D:3      | Found a sacrificial altar of Ru.
  1655 | D:3      | Reached skill level 4 in Unarmed Combat
  1690 | D:3      | Noticed an ice beast
  1696 | D:3      | Killed an ice beast
  1697 | D:3      | Reached XP level 5. HP: 44/49 MP: 4/4
  1801 | D:3      | Found a radiant altar of Vehumet.
  2181 | D:4      | Found a blossoming altar of Fedhas.
  2265 | D:4      | Reached skill level 5 in Unarmed Combat
  2265 | D:4      | Reached XP level 6. HP: 41/57 MP: 5/5
  2688 | D:4      | Reached XP level 7. HP: 39/65 MP: 6/6
  2734 | D:4      | Reached skill level 6 in Unarmed Combat
  3090 | D:5      | Entered Level 5 of the Dungeon
  3142 | D:5      | Noticed Ijyb
  3147 | D:5      | Killed Ijyb
  3162 | D:5      | Found a shimmering blue altar of Sif Muna.
  3191 | D:5      | Noticed Pikel
  3215 | D:5      | Noticed Blork the orc
  3231 | D:5      | Killed Pikel
  3232 | D:5      | Reached skill level 1 in Stealth
  3232 | D:5      | Reached skill level 7 in Unarmed Combat
  3232 | D:5      | Reached XP level 8. HP: 7/74 MP: 7/7
  3349 | D:5      | Killed Blork the orc
  3372 | D:5      | Found a sand-covered staircase.
  3381 | Ossuary  | Entered an ossuary
  3604 | Ossuary  | Reached skill level 8 in Unarmed Combat
  3818 | D:5      | Reached skill level 5 in Dodging
  3856 | D:5      | Found a glowing silver altar of Zin.
  3893 | D:5      | HP: 1/75 [gnoll/+0 hand axe (4)]
  3894 | D:5      | Slain by a gnoll

Illustrated notes

Levels and vault maps discovered:
D:1:      arrival_aquarium_b, layout_basic, shapermc_ecumenical_altar_ellora,
          minmay_pentomino_t4
D:2:      layout_basic, kennysheep_generic_room_15, uniq_terence
D:3:      layout_rooms, mainiacjoe_overflow_brackets,
          mainiacjoe_overflow_alcove_1, serial_shops, nicolae_square_shop,
          st_stairs_8, hangedman_decor_points
D:4:      kennysheep_spiral_hall, layout_basic, lemuel_round_altar
D:5:      wad_woods_stonehenge, layout_cave_pools,
          nicolae_sif_muna_condensation, lightli_ossuary_entry_decrepit_ruins,
          gammafunk_ghost_split, uniq_ijyb, uniq_pikel, uniq_blork_the_orc,
          uniq_crazy_yiuf_cottage

Skill      XL: |  1  2  3  4  5  6  7  8 |
---------------+-------------------------+-----
Throwing       | 2 3 |  3.4
Dodging        | 3 4 5 |  5.3
Unarmed Combat | 4 5 7 8 |  8.5
Fighting       | 2 3 |  3.3
Stealth        | 1 |  1.2

Action                     |  1- 3 |  4- 6 |  7- 9 || total
---------------------------+-------+-------+-------++-------
  Melee: Unarmed           |    53 |    99 |   190 ||   342
         Spear             |     5 |       |       ||     5
         Punch             |       |     6 |     7 ||    13
  Throw: Large rock        |    14 |     4 |       ||    18
         Stone             |     5 |    24 |     3 ||    32
         Throwing net      |     2 |       |       ||     2
    Use: Potion            |       |       |     1 ||     1
   Stab: Sleeping          |     1 |       |       ||     1
 Armour: Robe              |    38 |    76 |   216 ||   330
  Dodge: Dodged            |    26 |    57 |   176 ||   259

Table legend: (Time is in decaauts)
 A = Elapsed time spent in this place.
 B = Non-inter-level travel time spent in this place.
 C = Inter-level travel time spent in this place.
 D = Time resting spent in this place.
 E = Time spent auto-exploring this place.
 F = Levels seen in this place.
 G = Mean time per level.
                   A        B        C        D        E       F      G
               +--------+--------+--------+--------+--------+-----+--------+
         Total |   3870 |   3214 |    656 |    156 |   2016 |   6 |  645.0 |
       Dungeon |   3579 |   2923 |    656 |    156 |   1950 |   5 |  715.8 |
       Ossuary |    290 |    290 |      0 |      0 |     66 |   1 |  290.0 |
               +--------+--------+--------+--------+--------+-----+--------+

Top non-repeatable levels by time:
     D:4: 1088 daAuts
     D:1: 896 daAuts
     D:3: 622 daAuts
     D:2: 536 daAuts
     D:5: 435 daAuts
 Ossuary: 290 daAuts
